Map: Kairos Junction LE

Players

Enpo

  • Race: Protoss Protoss
  • League: Master
  • Spawn Location: 5:00

WoodedMicrob - Winner!

  • Race: Terran Terran
  • League: Master
  • Spawn Location: 11:00

VOD

Have the link to the VOD?

Description

Time

  • Played on: Dec. 4, 2018, 1:06 p.m.
  • Length: 8:37
Show
View Real Time Build Order
Export as new Build Order

Enpo Protoss 

Build Orders: 1 Gate Expand 

Get SALT Encoding   

  12  0:00  Probe  
  13  0:12  Probe  
  14  0:17  Pylon  
  14  0:24  Probe  
  15  0:32  Probe  
  15  0:37  Gateway  
  15  0:40  Probe  
  16  0:45  Assimilator  
  17  0:51  Probe  
  18  1:03  Probe  
  19  1:15  Probe  
  20  1:22  Nexus  
  20  1:34  Cybernetics Core  
  20  1:36  Probe  
  21  1:41  Assimilator  
  21  1:48  Probe  
  21  1:52  Pylon  
  22  2:00  Stalker, Probe  
  23  2:12  Warp Gate, Probe  
  26  2:24  Probe  
  26  2:27  Robotics Facility  
  27  2:35  Stalker  
  28  2:38  Probe  
  28  2:41  Probe  
  30  2:46  Probe  
  30  2:49  Probe  
  31  2:54  Probe  
  31  2:58  Probe  
  32  3:04  Probe  
  34  3:07  Gateway  
  34  3:10  Observer  
  35  3:18  Robotics Bay, Probe  
  35  3:19  Probe  
  38  3:23  Pylon  
  38  3:31  Gateway  
  38  3:34  Warp Prism  
  40  3:39  Probe  
  40  3:41  Probe  
  42  3:51  Probe  
  42  3:53  Probe  
  44  3:57  Pylon  
  44  4:01  Disruptor  
  44  4:02  Shield Battery  
  44  4:03  Probe  
  44  4:08  Probe  
  46  4:15  Stalker, Probe  
  52  4:18  Stalker  
  52  4:22  Probe  
  55  4:26  Assimilator  
  55  4:27  Probe  
  56  4:35  Stalker  
  56  4:36  Probe  
  52  4:53  Probe  
  52  4:58  Pylon  
  52  4:59  Probe  
  52  5:10  Pylon, Probe  
  52  5:12  Probe  
  52  5:13  Pylon x2  
  54  5:14  Assimilator  
  51  5:22  Stalker x2, Probe  
  51  5:26  Gravitic Drive  
  51  5:28  Probe  
  53  5:30  Probe  
  55  5:36  Probe  
  55  5:37  Observer  
  55  5:38  Probe  
  58  5:44  Pylon  
  58  5:46  Probe  
  58  5:48  Forge  
  58  5:49  Twilight Council  
  59  5:53  Stalker  
  59  5:56  Probe  
  61  5:58  Probe  
  62  6:07  Probe  
  62  6:09  Probe  
  63  6:15  Probe  
  63  6:17  Probe  
  63  6:23  Nexus, Probe  
  63  6:27  Probe  
  63  6:34  Probe  
  63  6:38  Protoss Ground Weapons Level 1  
  63  6:39  Probe  
  64  6:46  Probe  
  64  6:48  Photon Cannon  
  64  6:51  Probe  
  65  6:58  Probe  
  66  7:03  Colossus, Probe  
  67  7:10  Probe  
  67  7:12  Photon Cannon  
  68  7:15  Probe  
  75  7:23  Probe  
  75  7:25  Stalker  
  75  7:28  Probe  
  79  7:35  Probe x2  
  81  7:41  Stalker x2  
  85  7:45  Probe  
  86  7:55  Stalker  
  79  8:07  Zealot x2  
  67  8:14  Probe  
  67  8:18  Stalker  
  65  8:28  Zealot  
  65  8:29  Zealot  
Show
View Real Time Build Order
Export as new Build Order

WoodedMicrob Terran - Winner!

Build Orders: Banshee Rush 

Get SALT Encoding   

  12  0:01  SCV  
  13  0:13  SCV  
  14  0:16  Supply Depot  
  14  0:25  SCV  
  15  0:28  Refinery  
  15  0:38  SCV  
  16  0:45  Barracks  
  16  0:50  SCV  
  17  1:02  SCV  
  18  1:14  SCV  
  20  1:34  Orbital Command  
  20  1:36  Reaper  
  20  1:48  Command Center  
  20  1:57  Factory  
  20  2:00  SCV  
  21  2:09  Barracks Reactor  
  21  2:10  Supply Depot  
  21  2:12  SCV  
  22  2:16  Refinery  
  22  2:24  SCV  
  23  2:36  SCV  
  24  2:42  Hellion, Starport  
  26  2:47  Marine  
  26  2:48  Marine, SCV  
  29  3:00  SCV  
  29  3:04  Widow Mine  
  29  3:05  Marine x2  
  33  3:08  Orbital Command  
  34  3:13  SCV  
  34  3:18  Supply Depot  
  35  3:20  Medivac  
  35  3:23  Marine  
  35  3:24  Marine  
  39  3:28  Factory Tech Lab  
  39  3:30  SCV  
  39  3:33  SCV  
  41  3:42  SCV  
  41  3:43  Marine x2  
  41  3:48  SCV  
  45  3:55  SCV  
  46  3:57  Supply Depot  
  46  3:58  Cloaking Field  
  46  3:59  Banshee  
  46  4:02  Bunker, SCV  
  50  4:06  Refinery  
  50  4:09  Marine x2  
  52  4:11  Factory Tech Lab  
  52  4:15  SCV x2  
  54  4:21  Supply Depot  
  54  4:27  SCV x2  
  53  4:39  SCV  
  53  4:43  Marine x2  
  53  4:45  Siege Tank, Banshee  
  56  4:46  SCV  
  57  4:57  SCV  
  57  4:58  SCV  
  55  5:00  Barracks  
  55  5:01  Barracks, Marine x2  
  57  5:09  Engineering Bay, SCV  
  57  5:11  SCV  
  59  5:19  Marine x2  
  61  5:21  SCV  
  61  5:23  Siege Tank, SCV  
  66  5:33  SCV  
  66  5:35  SCV  
  63  5:43  Missile Turret  
  63  5:45  SCV  
  63  5:47  SCV  
  63  5:48  Barracks Tech Lab  
  63  5:49  Barracks Tech Lab  
  65  5:50  Starport Reactor  
  65  5:55  Marine x2  
  67  5:57  Siege Tank  
  67  6:02  SCV x2, Terran Infantry Weapons Level 1  
  67  6:03  Supply Depot  
  70  6:08  Combat Shield  
  70  6:09  Stimpack  
  70  6:14  SCV x2  
  70  6:15  Marine  
  70  6:16  Marine, Marauder x2  
  75  6:26  Supply Depot, SCV  
  75  6:27  Supply Depot  
  75  6:32  Siege Tank  
  79  6:33  Marine x2  
  79  6:39  Supply Depot  
  81  6:45  Marauder  
  83  6:52  Marine x2, Marauder  
  87  7:02  SCV x2  
  87  7:08  Liberator x2  
  89  7:11  Marine x2  
  89  7:12  Marauder  
  89  7:14  SCV  
  89  7:15  SCV  
  95  7:25  Marauder  
  103  7:33  SCV  
  104  7:37  Command Center  
  104  7:49  Marauder x2  
  104  7:50  Marine x2  
  109  7:54  SCV  
  110  8:04  SCV  
  101  8:06  SCV  
  102  8:13  Marauder x2  
  102  8:16  SCV  
  102  8:18  SCV  
Tags
 
Add a new tag
Caveats
  • Supply blocks, unpowered buildings, or Contaminate may cause inaccurate times.
  • Supply counts are checked every 10 seconds.